 Dungeon Crawl Stone Soup version 0.25-a0-41-g6cf4ce537d (webtiles) character file.

Game seed: 8174481690540910814, levelgen mode: deterministic

8 Alarkh the Skirmisher (level 2, 19/24 HPs)
             Began as a Demonspawn Fighter on Oct 21, 2019.
             Got out of the dungeon alive.
             The game lasted 00:00:17 (223 turns).

Alarkh the Skirmisher (Demonspawn Fighter)           Turns: 223, Time: 00:00:17

Health: 19/24      AC:  8    Str: 16    XL:     2   Next: 0%
Magic:  2/2        EV:  6    Int:  9    God:
Gold:   11         SH:  8    Dex: 12    Spells: 1/1 levels left

rFire    . . .     SeeInvis .   a - +0 long sword
rCold    . . .     Gourm    .   c - +0 shield
rNeg     . . .     Faith    .   b - +0 scale mail
rPois    .         Spirit   .   (no helmet)
rElec    .         Reflect  .   (no cloak)
rCorr    .         Harm     .   (no gloves)
MR       .....                  (no boots)
Stlth    ..........             (no amulet)
HPRegen  0.08/turn              (no ring)
MPRegen  0.08/turn              (no ring)

@: no status effects
A: yellow scales 1
a: no special abilities


You escaped.
You were not hungry.

You visited 1 branch of the dungeon, and saw 1 of its levels.

You collected 11 gold pieces.

Inventory:

Hand Weapons
 a - a +0 long sword (weapon)
Armour
 b - a +0 scale mail (worn)
 c - a +0 shield (worn)
Scrolls
 e - a scroll of fear {unknown}
 g - 2 scrolls of teleportation {unknown}
 j - a scroll of remove curse {unknown}
Potions
 d - a potion of might
 h - a potion of curing {unknown}
 i - 2 potions of agility {unknown}
 l - a potion of heal wounds {unknown}
Comestibles
 f - 2 rations
 k - 3 chunks of flesh


   Skills:
 - Level 3.0 Fighting
 + Level 2.5 Long Blades
 - Level 2.6 Armour
 - Level 2.6 Shields


You had one spell level left.
You didn't know any spells.
Your spell library was empty.

Dungeon Overview and Level Annotations

Branches:
Dungeon (1/15)

Altars:


Innate Abilities, Weirdness & Mutations

You are partially covered in yellow scales. (AC +2)


Message History

You miss the bat. You block the bat's attack.
A bat is nearby!
The bat hits you but does no damage.
A bat is nearby!
The bat hits you.
A bat is nearby!
The bat barely misses you.
A bat is nearby!
You hit the bat.
You kill the bat!
You have reached level 2!
Your demonic ancestry asserts itself...
Yellow scales grow over part of your body.
You open the large door.
There is a large open door here.
You enter the shallow water.
Moving in this stuff is going to be slow.
There is a staircase leading out of the dungeon here.
Are you sure you want to leave the Dungeon?
This will make you lose the game!
You have escaped!

... ...###++#####
..8.......≈≈## #.≈≈≈≈≈≈..≈≈#
#≈≈≈...≈≈..≈# #≈≈..≈..≈≈.≈#
#≈..≈≈≈.≈≈.≈# ...
#≈.≈≈.@.≈≈.≈#.#..
#≈.≈≈.≈≈≈..≈#... .
#≈.≈≈..≈..≈≈#..# ..
#≈..≈≈...≈≈≈#..# ...
#.#≈≈..≈≈≈≈≈≈.#..##... ##
#.##≈≈.......8......#
###.##..#####''###....###
##.............†.......# )
#......................#######.


There were no monsters in sight!

Vanquished Creatures
  A bat (D:1)
  A giant cockroach (D:1)
  2 goblins (D:1)
  A frilled lizard (D:1)
  3 rats (D:1)
8 creatures vanquished.

Notes
Turn   | Place    | Note
-------+----------+-------------------------------------------
     0 | D:1      | Alarkh the Demonspawn Fighter began the quest for the Orb.
     0 | D:1      | Reached XP level 1. HP: 18/18 MP: 1/1
   212 | D:1      | Gained mutation: You are partially covered in yellow
                  | scales. (AC +2) [demonic ancestry]
   212 | D:1      | Reached XP level 2. HP: 18/24 MP: 2/2
   223 | D:$      | Got out of the dungeon alive.

Levels and vault maps discovered:
D:1:      psy_arrival_whirlpool, layout_rooms, minmay_small_reverse_x

Skill      XL: |  1 |
---------------+----+-----
Long Blades    | 2 |  2.5
Fighting       | |  3.0
Armour         | |  2.6
Shields        | |  2.6

Action                   || total
-------------------------++-------
Melee: Long sword        ||    47
Armor: Scale mail        ||    34
Dodge: Dodged            ||    21
Block: Shield            ||    23
       Rpst.: Long sword ||     7

Table legend:
 A = Non-vault XP
 B = Vault XP
 C = Vault XP percentage of total XP
 D = Non-vault monster count
 E = Vault monster count
 F = Vault count percentage of total count
                 A         B        C        D         E       F
            +---------+---------+-------+---------+---------+-------
      Total |       6 |       6 |  50.0 |       4 |       4 |  50.0
            +---------+---------+-------+---------+---------+-------
        D:1 |       6 |       6 |  50.0 |       4 |       4 |  50.0
            +---------+---------+-------+---------+---------+-------
